 Dungeon Crawl Stone Soup version 0.27-a0-1065-ge809cff456 (webtiles) character file.

Game seed: 13200573270672331736

873 siradein the Carver (level 7, -2/56 HPs)
             Began as a Minotaur Gladiator on Apr 22, 2021.
             Slain by a gnoll
             ... wielding a +2 spear of venom
              (4 damage)
             ... on level 5 of the Dungeon.
             The game lasted 00:24:51 (6625 turns).

siradein the Carver (Minotaur Gladiator)            Turns: 6625, Time: 00:24:52

Health: -2/56      AC: 10    Str: 18    XL:     7   Next: 74%
Magic:  6/6        EV: 14    Int:  5    God:
Gold:   246        SH:  0    Dex: 14    Spells: 6/6 levels left

rFire    + . .     SeeInvis .   z - +2 falchion (holy)
rCold    . . .     Faith    .   (no shield)
rNeg     . . .     Spirit   .   h - +4 scale mail {rF+}
rPois    .         Reflect  .   c - +0 hat
rElec    .         Harm     .   (no cloak)
rCorr    +         Rampage  .   (no gloves)
Will     .....                  (no boots)
Stlth    ..........             (no amulet)
HPRegen  0.18/turn              m - ring of resist corrosion
MPRegen  0.10/turn              u - +4 ring of evasion

@: lethally poisoned (-2 -> -3)
A: horns 2, retaliatory headbutt
a: no special abilities


You were on level 5 of the Dungeon.
You visited 2 branches of the dungeon, and saw 6 of its levels.

You collected 246 gold pieces.

Inventory:

Hand Weapons
 z - a +2 falchion of holy wrath (weapon)
Missiles
 d - 3 throwing nets (quivered)
 g - 35 poisoned darts
 o - 6 atropa-tipped darts
Armour
 c - a +0 hat (worn)
 h - a +4 scale mail of fire resistance (worn)
Jewellery
 a - a ring of magical power
 m - a ring of resist corrosion (left hand)
 u - a +4 ring of evasion (right hand)
Scrolls
 f - a scroll of fear {unknown}
 i - a scroll of immolation {unknown}
 j - a scroll of teleportation
 k - a scroll of blinking {unknown}
 l - 2 scrolls of identify {unknown}
 s - a scroll of silence {unknown}
 t - a scroll of fog {unknown}
 w - 2 scrolls of noise {unknown}
 x - a scroll of amnesia {unknown}
 y - 2 scrolls of enchant weapon {unknown}
 C - a scroll of vulnerability {unknown}
 E - a scroll of magic mapping {unknown}
Potions
 b - a potion of might {unknown}
 e - a potion of resistance {unknown}
 n - a potion of invisibility {unknown}
 p - 2 potions of haste {unknown}
 q - a potion of flight {unknown}
 r - a potion of curing {unknown}
 v - 3 potions of heal wounds {unknown}
 A - a potion of ambrosia {unknown}
 B - a potion of lignification {unknown}
 D - a potion of berserk rage {unknown}


   Skills:
 - Level 2.4 Fighting
 + Level 11.0 Long Blades
 - Level 2.0 Throwing
 - Level 3.2 Dodging


You had 6 spell levels left.
You didn't know any spells.
Your spell library contained the following spells:

 Spells                   Type           Power      Damage    Failure   Level
 Corona                   Hex            0%         N/A       88%         1
 Ensorcelled Hibernation  Hex/Ice        0%         N/A       95%         2
 Confusing Touch          Hex            0%         N/A       99%         3
 Dazzling Flash           Conj/Hex       0%         N/A       99%         3
 Gell's Gravitas          Tloc           0%         N/A       99%         3
 Tukima's Dance           Hex            0%         N/A       99%         3
 Petrify                  Tmut/Erth      0%         N/A       100%        4
 Metabolic Englaciation   Hex/Ice        0%         N/A       100%        5
 Yara's Violent Unravell  Hex/Tmut       0%         3d3       100%        5


Dungeon Overview and Level Annotations

Branches:
Dungeon (5/15)             Temple (1/1) D:4

Altars:
Dithmenos
Elyvilon
Fedhas
Makhleb
Okawaru
Ru
Sif Muna
Trog
Vehumet
Wu Jian
Xom
Yredelemnul
Zin

Annotations:
D:2 1 runed translucent door, Crazy Yiuf
D:5 3 runed translucent doors, Splishie's ghost, amateur GnWn


Innate Abilities, Weirdness & Mutations

You have a pair of horns on your head.
You reflexively headbutt those who attack you in melee.


Message History

You feel sick.
The gnoll hits you with a +2 spear of venom.
You are more poisoned.
The gnoll closely misses you.
You slash the gnoll!
The gnoll is almost dead.
You feel sick.
The gnoll hits you with a +2 spear of venom.
You are more poisoned.
The gnoll closely misses you.
You closely miss the gnoll.
The gnoll is almost dead.
You feel very sick.
The gnoll hits you with a +2 spear of venom.
You are more poisoned.
You feel very sick. The gnoll barely misses you.
You feel very sick.
* * * LOW HITPOINT WARNING * * *
You feel very sick.
* * * LOW HITPOINT WARNING * * *
You feel very sick.
* * * LOW HITPOINT WARNING * * *
You feel very sick.
* * * LOW HITPOINT WARNING * * *
You feel sick.
* * * LOW HITPOINT WARNING * * *
You feel sick.
* * * LOW HITPOINT WARNING * * *
You feel sick.
* * * LOW HITPOINT WARNING * * *
You feel sick.
* * * LOW HITPOINT WARNING * * *
You feel sick.
* * * LOW HITPOINT WARNING * * *
You feel sick.
* * * LOW HITPOINT WARNING * * *
You feel sick.
The gnoll hits you from afar with a +2 spear of venom.
You die...

........# #........###...#..
........# #......#.#[#.#.#.
........# #........#.#......
........# #....#.........#..
...#'#### #.......##.##.....
...#....# #..g###.#...#.###.
...#....# #g#.#.....)....(#.
...#....# #...###.#...#.###.
...###'#########@......##.##.....
...#...##.....#.....#.........#..
...#..........#.........#.#..)...
...#..........#.......#.#.#.#....
...#..........#.........###......
...#...##.....#......#...........
...#...####'###......#...#.......
...#...##.....#......#...........
...#.................#...########


You could see 2 gnolls.

Vanquished Creatures
  A black bear (D:4)
  An ogre (D:5)
  3 scorpions (D:5)
  A wyvern skeleton (D:3)
  3 hounds
  2 jellies (D:4)
  A centaur skeleton (D:5)
  2 iguanas
  Terence (D:2)
  A howler monkey zombie (D:5)
  2 gnolls (D:5)
  8 adders
  2 ufetubi
  An adder skeleton (D:5)
  A dart slug (D:5)
  2 orcs (D:5)
  4 bats
  14 endoplasms
  7 giant cockroaches
  4 goblins
  8 hobgoblins
  14 jackals
  6 kobolds
  4 quokkas
  2 ball pythons
  2 frilled lizards
  8 rats
105 creatures vanquished.

Notes
Turn   | Place    | Note
-------+----------+-------------------------------------------
     0 | D:1      | siradein the Minotaur Gladiator began the quest for the
                  | Orb.
     0 | D:1      | Reached XP level 1. HP: 18/18 MP: 0/0
   187 | D:1      | Reached skill level 4 in Long Blades
   340 | D:1      | Reached XP level 2. HP: 25/25 MP: 1/1
   608 | D:1      | Reached skill level 5 in Long Blades
   619 | D:1      | Reached XP level 3. HP: 20/30 MP: 2/2
  1219 | D:2      | Noticed Terence
  1475 | D:2      | Killed Terence
  1770 | D:2      | Reached skill level 6 in Long Blades
  1770 | D:2      | Reached XP level 4. HP: 35/37 MP: 3/3
  1910 | D:2      | Found a faded altar of an unknown god.
  2784 | D:2      | Found a runed translucent door.
  2785 | D:2      | Noticed Crazy Yiuf
  3239 | D:3      | Reached skill level 7 in Long Blades
  3239 | D:3      | Reached XP level 5. HP: 16/42 MP: 4/4
  3466 | D:3      | You fall into a shaft and drop 2 floors!
  3466 | D:5      | Entered Level 5 of the Dungeon
  3548 | D:4      | Reached skill level 8 in Long Blades
  3569 | D:4      | Reached XP level 6. HP: 50/50 MP: 5/5
  3926 | D:3      | Found a shimmering blue altar of Sif Muna.
  4387 | D:4      | Reached skill level 9 in Long Blades
  4659 | D:4      | Found a staircase to the Ecumenical Temple.
  4840 | Temple   | Entered the Ecumenical Temple
  5645 | D:5      | Reached XP level 7. HP: 53/56 MP: 6/6
  5663 | D:5      | Reached skill level 10 in Long Blades
  5752 | D:5      | Noticed a shadow
  5760 | D:5      | Noticed Splishie's ghost (amateur GnWn)
  5986 | D:5      | Found a runed translucent gate.
  5986 | D:5      | Found a runed translucent gate.
  5988 | D:5      | Found a runed translucent gate.
  6494 | D:5      | Reached skill level 11 in Long Blades
  6624 | D:5      | HP: 2/56 [poisoned by a gnoll]
  6625 | D:5      | Slain by a gnoll

Illustrated notes

Levels and vault maps discovered:
D:1:      minmay_arrival_wavy_path, layout_loops_corners
D:2:      minmay_razor_zed, layout_basic, chequers_ecumenical_altar_simple,
          minmay_tetromino_o4, uniq_terence, uniq_crazy_yiuf_cottage
D:3:      layout_loops_corners, lemuel_round_altar
D:4:      layout_basic, lemuel_temple_firewalk_b
D:5:      layout_gridville, grunt_nemelex_the_gamble, gammafunk_ghost_split,
          minmay_fractal_squares_5
Temple:   minmay_temple_forest_path

Skill      XL: |  1  2  3  4  5  6  7 |
---------------+----------------------+-----
Long Blades    | 4 5 6 7 8 9 11 | 11.0
Fighting       | |  2.4
Throwing       | |  2.0
Dodging        | |  3.2

Action                   |  1- 3 |  4- 6 |  7- 9 || total
-------------------------+-------+-------+-------++-------
Melee: Long sword        |    64 |   129 |       ||   193
       Headbutt          |    12 |    24 |    10 ||    46
       Falchion          |       |    10 |    38 ||    48
  Use: Scroll            |       |     1 |       ||     1
 Stab: Sleeping          |     2 |       |       ||     2
Armor: Leather armour    |    18 |       |       ||    18
       Scale mail        |     1 |    65 |    13 ||    79
Dodge: Dodged            |    52 |    75 |    33 ||   160
       Rpst.: Long sword |    10 |    23 |       ||    33
       Falchion          |       |       |     5 ||     5

Table legend: (Time is in decaauts)
 A = Elapsed time spent in this place.
 B = Non-inter-level travel time spent in this place.
 C = Inter-level travel time spent in this place.
 D = Time resting spent in this place.
 E = Time spent auto-exploring this place.
 F = Levels seen in this place.
 G = Mean time per level.
                   A        B        C        D        E       F      G
               +--------+--------+--------+--------+--------+-----+--------+
         Total |   6644 |   6392 |    252 |    687 |   4737 |   6 | 1107.3 |
       Dungeon |   6142 |   5930 |    212 |    687 |   4274 |   5 | 1228.4 |
        Temple |    502 |    463 |     39 |      0 |    463 |   1 |  502.0 |
               +--------+--------+--------+--------+--------+-----+--------+

Top non-repeatable levels by time:
     D:1: 1455 daAuts
     D:4: 1412 daAuts
     D:2: 1387 daAuts
     D:3: 1107 daAuts
     D:5: 779 daAuts
  Temple: 502 daAuts
